AoeStats
← Roska

Black Forest

509438524Analyzed
2v2 RM · 7d ago on Sep 26, 2026· 55m 36s· 4 players
Game mode
Random Map
Map size
Medium (4 player)
Population
200
Speed
Normal
Resources
Standard
Victory
Conquest
Starting age
Dark Age
Ending age
Imperial Age
RankedLock teamsTeams togetherTeam positionsShared explorationLock speedFull tech treeHidden civsTurbo modeCheats
Victory
Defeat
🇬🇧 Spanish · United Kingdom
736
+15
🇳🇱 Britons · Netherlands
728
+15
🇫🇮 Bulgarians · Finland
722
-15
🇫🇮 Cumans · Finland
711
-15
Juguansissi
0:38 Loom
11:20 Feudal Age
12:31 Gold Mining
12:31 Double-Bit Axe
12:34 Horse Collar
24:08 Forging
27:00 Arson
27:44 Scale Mail Armor
30:17 Castle Age
30:58 Wheelbarrow
30:19 Stone Mining
30:34 Capped Ram
32:55 Scale Barding Armor
36:50 Pikeman
38:36 Hand Cart
38:14 Fletching
38:20 Elite Skirmisher
39:06 Thumb Ring
40:28 Ballistics
40:07 Murder Holes
40:19 Caravan
40:35 Padded Archer Armor
41:42 Bloodlines
40:53 Light Cavalry
42:20 Leather Archer Armor
42:01 Bodkin Arrow
42:48 Chain Barding Armor
43:48 Squires
44:11 Heavy Plow
44:24 Bow Saw
44:28 Masonry
44:08 Town Watch
44:42 Chain Mail Armor
50:57 Imperial Age
50:45 Steppe Husbandry
52:09 Conscription
52:39 Plate Barding Armor
52:47 Hussar
54:40 Iron Casting
54:37 Plate Mail Armor
Roska
0:27 Loom
12:43 Feudal Age
14:44 Forging
14:37 Scale Mail Armor
17:55 Double-Bit Axe
20:48 Wheelbarrow
28:10 Castle Age
29:18 Squires
29:59 Gambesons
32:42 Arson
33:39 Iron Casting
33:20 Chain Mail Armor
35:04 Horse Collar
35:37 Bow Saw
36:43 Elite Skirmisher
37:30 Thumb Ring
38:27 Fletching
38:38 Padded Archer Armor
38:57 Hand Cart
39:58 Masonry
41:12 Heavy Plow
42:18 Bodkin Arrow
43:57 Stirrups
44:13 Husbandry
50:03 Imperial Age
48:46 Bloodlines
48:47 Scale Barding Armor
49:00 Leather Archer Armor
49:00 Gold Mining
49:40 Pikeman
51:24 Caravan
51:51 Chain Barding Armor
51:33 Bracer
53:24 Conscription
54:05 Plate Barding Armor
54:54 Elite Konnik
Asheqer
12:06 Feudal Age
14:34 Double-Bit Axe
18:18 Castle Age
19:04 Bloodlines
19:31 Scale Barding Armor
19:37 Forging
23:12 Man-at-Arms
29:19 Loom
32:53 Bow Saw
35:56 Light Cavalry
38:05 Scale Barding Armor
38:12 Forging
41:29 Chain Barding Armor
42:16 Bloodlines
42:14 Horse Collar
43:56 Heavy Plow
47:23 Husbandry
49:03 Iron Casting
Dutchbugs
10:23 Feudal Age
11:10 Double-Bit Axe
11:07 Horse Collar
21:03 Castle Age
20:07 Fletching
22:30 Heavy Plow
22:45 Bow Saw
22:36 Bodkin Arrow
25:04 Crossbowman
33:32 Imperial Age
31:14 Padded Archer Armor
31:24 Gold Mining
33:09 Pikeman
33:51 Halberdier
34:33 Arbalester
36:08 Caravan
36:51 Squires
39:35 Ballistics
40:53 Bracer
41:09 Leather Archer Armor
41:58 Chemistry
40:56 Murder Holes
42:45 Yeomen
42:50 Conscription
43:00 Elite Longbowman
45:05 Ring Archer Armor
47:01 Warwolf
Connection lost

Rejoining the realm…

Still unreachable

The connection could not be restored.

Session expired

The server has moved on; the page needs a fresh start.